cohdb
Replays
Latest Replays
All Replays
Popular Replays
Top Player Replays
Match Explorer
How It Works
Community
CoH3 Stats
Reddit
Sign in to upload your games and track your stats! →
Sign in with Steam
Match 41620969
Unlisted
Match 41620969
Overview
Messages
Build Orders
End
Selects Heavy Armor Battlegroup
Vickers Machine Gun Team
Construct Section Command Post
Infantry Section
Infantry Section
ML 3-inch Mortar Team
Infantry Section
Selects Light Vehicle Withdraw and Refit
Infantry Section
Selects UNKNOWN (202330)
Construct Platoon Command Post
6-pounder Anti-tank Gun Team
Selects Designate Targets
Construct Company Command Post
Selects Rigorous Vehicle Training
Selects Forward Repair Assembly
Designate Targets
Grenade Package
✪ Cpt.Awes0mE
✪ Maj.Swag
W00tLeLBrrrrrrrrrrrrrr
PhoneyMcRing
Quejour
Elan
0
0
Comments
sign in to comment!
No comments posted yet!